Map: Dash and Terminal LE (Void)

Players

Kondr

  • Race: Terran Terran
  • League: Bronze

SticklerMac - Winner!

  • Race: Zerg Zerg
  • League: Bronze

VOD

Have the link to the VOD?

Description

Time

  • Played on: Aug. 10, 2015, 7:42 p.m.
  • Length: 6:17
Show
View Real Time Build Order
Export as new Build Order

Kondr Terran 

Build Orders:  

Get SALT Encoding   

  12  0:02  SCV  
  13  0:14  SCV  
  14  0:22  Supply Depot  
  14  0:29  SCV  
  15  0:36  Refinery  
  15  0:45  Barracks  
  15  0:47  SCV  
  16  0:55  Supply Depot  
  16  0:59  SCV  
  17  1:12  SCV  
  18  1:24  SCV  
  19  1:36  SCV  
  19  1:37  Marine  
  21  1:48  SCV  
  22  1:58  Marine  
  22  2:00  SCV  
  24  2:10  Factory  
  24  2:12  SCV  
  25  2:24  SCV  
  26  2:33  Marine  
  27  2:38  SCV  
  28  2:46  Refinery  
  28  2:51  Marine  
  28  2:56  Armory  
  30  2:58  SCV  
  30  3:08  Factory Tech Lab  
  30  3:09  Marine  
  31  3:17  Supply Depot  
  31  3:21  Supply Depot  
  31  3:25  Supply Depot  
  31  3:39  Marine  
  32  3:44  Orbital Command  
  32  3:45  Terran Vehicle And Ship Armor Level 1  
  32  3:57  Thor  
  32  4:00  Marine  
  39  4:12  Supply Depot x2  
  39  4:14  Supply Depot  
  39  4:15  Supply Depot  
  39  4:16  SCV  
  40  4:24  Marine  
  41  4:28  SCV  
  42  4:40  SCV  
  42  4:42  Thor  
  42  4:44  Marine  
  50  4:50  Supply Depot  
  49  5:02  Marine  
Show
View Real Time Build Order
Export as new Build Order

SticklerMac Zerg - Winner!

Build Orders: Hatch First, Zergling Baneling 

Get SALT Encoding   

  12  0:01  Drone  
  13  0:10  Drone  
  14  0:18  Overlord  
  14  0:36  Drone x3  
  17  0:59  Hatchery  
  16  1:05  Drone x2, Extractor  
  17  1:21  Spawning Pool  
  16  1:29  Drone  
  16  1:32  Extractor  
  16  1:34  Drone x2  
  18  1:43  Drone  
  19  1:53  Drone  
  20  2:02  Drone  
  21  2:10  Queen  
  21  2:13  Queen  
  21  2:15  Zergling x4  
  27  2:27  Zergling x2  
  28  2:40  Overlord x2  
  28  2:41  Overlord  
  28  2:43  Metabolic Boost  
  28  2:58  Spore Crawler  
  27  3:00  Spore Crawler  
  27  3:01  Drone  
  27  3:03  Drone x3  
  27  3:04  Drone  
  31  3:18  Zergling x8  
  35  3:24  Zergling x4  
  38  3:34  Zergling x4  
  38  3:35  Baneling Nest  
  38  3:45  Zergling x2  
  38  3:46  Zergling x6  
  38  3:48  Zergling x2  
  43  3:58  Zergling x2  
  43  3:59  Zergling x6  
  43  4:01  Zergling x2  
  48  4:05  Zergling x2  
  48  4:07  Zergling x2  
  48  4:09  Drone  
  51  4:12  Drone  
  52  4:17  Overlord  
  52  4:19  Baneling  
  52  4:20  Baneling  
  52  4:21  Baneling  
  52  4:25  Baneling x2  
  52  4:26  Baneling x2  
  52  4:28  Baneling  
  52  4:29  Baneling  
  52  4:31  Baneling  
  52  4:32  Baneling  
  52  4:36  Zergling x2  
  52  4:37  Zergling x2  
  53  4:58  Zergling x6  
  53  4:59  Zergling x10  
  53  5:05  Zergling x4  
  53  5:06  Zergling x2  
  52  5:12  Zergling x4  
  52  5:18  Zergling x2  
  52  5:28  Zergling x2  
  52  5:29  Zergling x2  
  52  5:32  Zergling x2  
  52  5:42  Zergling x2  
  51  5:46  Zergling x2  
  51  5:53  Zergling x2  
  51  5:54  Zergling x12  
  51  5:55  Zergling x2  
Tags
 
Add a new tag
Caveats
  • Supply blocks, unpowered buildings, or Contaminate may cause inaccurate times.
  • Supply counts are checked every 10 seconds.